 Dungeon Crawl Stone Soup version 0.22-a0-609-gfedc9ff (webtiles) character file.

251044 galech the Hoplite (level 19, -3/179 HPs)
             Began as a Minotaur Fighter on July 10, 2018.
             Was the Champion of Trog.
             Slain by a lich (9 damage)
             ... on level 2 of the Depths.
             The game lasted 01:29:10 (33178 turns).

galech the Hoplite (Minotaur Fighter)              Turns: 33178, Time: 01:29:11

Health: -3/179     AC: 39    Str: 21    XL:     19   Next: 64%
Magic:  0/28       EV: 12    Int: 14    God:    Trog [******]
Gold:   769        SH: 26    Dex: 22    Spells: 18/18 levels left

rFire    + . .     SeeInvis .   i - +5 demon blade of Sequestration {flame, rF+ Int+4}
rCold    + . .     Gourm    .   O - +1 large shield {reflect}
rNeg     + + .     Faith    .   u - +9 plate armour "Ozeraish" {rC+}
rPois    +         Spirit   +   b - +3 hat of Pondering {ponderous, MR+ MP+10 Int+5}
rElec    .         Reflect  +   m - +3 cloak of the Eight Scars {Str+3}
rCorr    .         Harm     .   X - +2 pair of gloves {archery}
MR       +++++                  Y - +0 pair of boots {run}
Stlth    ..........             F - amulet "Rareasum" {Spirit +Inv rF- rN++ MR+}
HPRegen  1.39/turn              Q - ring "Ekisaof" {rPois Dex+3}
MPRegen  0.21/turn              t - ring of protection from fire

@: about to teleport, berserk cooldown, regenerating, slowed, very slow
A: retaliatory headbutt, horns 2, weak 1
a: Berserk, Trog's Hand, Brothers in Arms, Renounce Religion, Evoke Invisibility


You were on level 2 of the Depths.
You worshipped Trog.
Trog was exalted by your worship.
You were hungry.

You visited 5 branches of the dungeon, and saw 28 of its levels.
You also visited: Labyrinth, Volcano and Desolation.

You collected 3349 gold pieces.
You spent 2580 gold pieces at shops.

Inventory:

Hand Weapons
 i - the +5 demon blade of Sequestration (weapon) {flame, rF+ Int+4}
   (Trog gifted it to you on level 2 of the Orcish Mines)

   It has been specially enchanted to burn those struck by it, causing extra
   injury to most foes and up to half again as much damage against particularly
   susceptible opponents.
   Big, fiery blades are also staple armaments of hydra-hunters.
   It affects your intelligence (+4).
   It protects you from fire.
 l - the +12 demon whip "Fiarulak" {drain, rF+}
   (Trog gifted it to you on level 6 of the Lair of Beasts)

   A truly terrible weapon, it drains the life of those it strikes.
   It protects you from fire.
 D - the +9 heavy crossbow "Sniper" {velocity, Acc+∞ SInv}
   (You bought it in a shop on level 2 of the Orcish Mines)

   Any bolt fired from it inflicts extra damage.
   It lets you see invisible.
Missiles
 g - 303 bolts
Armour
 b - the +3 hat of Pondering (worn) {ponderous, MR+ MP+10 Int+5}
   (You took it off Gastronok on level 9 of the Dungeon)

   It affects your intelligence (+5).
   It affects your resistance to hostile enchantments.
   It affects your magic capacity (+10).
 m - the +3 cloak of the Eight Scars (worn) {Str+3}
   (You found it on level 2 of the Elven Halls)

   It affects your strength (+3).
 u - the +9 plate armour "Ozeraish" (worn) {rC+}
   (You found it on level 11 of the Dungeon)

   It protects you from cold.
 A - a scarf of resistance
 B - a +2 large shield of cold resistance
 O - a +1 large shield of reflection (worn)
 U - the +2 buckler of Semufi {rElec rF+ Str+3}
   (You took it off a deep elf mage on level 3 of the Elven Halls)

   It affects your strength (+3).
   It protects you from fire.
   It insulates you from electricity.
 X - a +2 pair of gloves of archery (worn)
 Y - a +0 pair of boots of running (worn)
Jewellery
 a - an uncursed ring of poison resistance
 s - a +5 amulet of reflection
 t - a ring of protection from fire (right hand)
 E - an uncursed ring of flight
 F - the amulet "Rareasum" (around neck) {Spirit +Inv rF- rN++ MR+}
   (You found it in the Desolation of Salt)

   [amulet of guardian spirit]

   It causes incoming damage to be split between your health and magic.
   It makes you vulnerable to fire.
   It greatly protects you from negative energy.
   It affects your resistance to hostile enchantments.
   It lets you turn invisible.
 P - an uncursed ring of protection from cold
 Q - the ring "Ekisaof" (left hand) {rPois Dex+3}
   (You found it in the Desolation of Salt)

   [ring of poison resistance]

   It affects your dexterity (+3).
   It protects you from poison.
 S - the amulet "Nuapsuu" {RegenMP SInv}
   (You took it off a deep elf annihilator on level 3 of the Elven Halls)

   [amulet of magic regeneration]

   It increases your magic regeneration.
   It lets you see invisible.
 V - a cursed amulet of inaccuracy {unknown}
Wands
 c - a wand of acid (10)
Scrolls
 e - a scroll of brand weapon
 n - 5 scrolls of enchant armour
 q - a scroll of magic mapping
 w - 4 scrolls of teleportation
 x - 2 scrolls of acquirement
 y - 5 scrolls of fog
 z - 3 scrolls of random uselessness
 G - 2 scrolls of holy word
 I - 5 scrolls of remove curse
 L - 3 scrolls of fear
 N - a scroll of blinking
 R - 4 scrolls of silence
 T - a scroll of identify
 Z - a scroll of summoning
Potions
 d - 5 potions of might
 h - 12 potions of curing
 j - 3 potions of cancellation
 k - 6 potions of brilliance
 o - 4 potions of magic
 p - a potion of heal wounds
 r - 2 potions of haste
 C - 4 potions of flight
 H - 5 potions of mutation
 J - 3 potions of agility
 K - 2 potions of ambrosia
 W - 3 potions of invisibility
Comestibles
 f - 55 rations
 M - 9 chunks of flesh


   Skills:
 + Level 18.2 Fighting
   Level 1.0(12.8) Short Blades
 + Level 20.2 Long Blades
 + Level 2.6 Crossbows
 + Level 16.4 Armour
 + Level 7.3 Dodging
 + Level 3.2 Stealth
 + Level 24.0 Shields
 + Level 1.0 Evocations


You had 18 spell levels left.
You didn't know any spells.
Your spell library was empty.

Dungeon Overview and Level Annotations

Branches:
Dungeon (15/15)            Temple (0/1) D:7            Lair (6/6) D:9
 Shoals (0/4) Lair:4       Spider (0/4) Lair:3        Slime (0/5) Lair:6
    Orc (2/2) D:11            Elf (3/3) Orc:2        Vaults (0/5) D:13
 Depths (2/5) D:15

Altars:
Ashenzari
Dithmenos
Fedhas
Nemelex Xobeh
Okawaru
Sif Muna
Trog
Vehumet
Wu Jian
Yredelemnul
Zin

Shops:
D:5 }   D:6 *   D:11 [   D:13 (   Orc:2 (:*[   Elf:1 *   Elf:2 %

Portals:
Hell: Depths:1 Depths:2
Ziggurat: Depths:1


Innate Abilities, Weirdness & Mutations

You reflexively headbutt those who attack you in melee.
You have a pair of horns on your head.
You are weak. (Str -2)


Message History

The floating eye seems to glare at you.
The lich touches you but does no damage.
The lich points at you and mumbles some strange words.
The bolt of lightning hits you!
* * * LOW HITPOINT WARNING * * *
The fire giant gestures at you while chanting.
The bolt of fire hits you! You resist.
* * * LOW HITPOINT WARNING * * *
The rakshasa hits you but does no damage.
You can move again.
You feel much better. You block the lich's attack.
The fire giant hits you with a great sword of flaming!
* * * LOW HITPOINT WARNING * * *
The fire giant burns you.
* * * LOW HITPOINT WARNING * * *
You block the lich's attack.
The floating eye gazes piercingly through you!
You shrug off the repeated paralysis!
The rakshasa barely misses you. The lich touches you!
You die...

.#'[#########.
##..........###
.#....≈≈....#.###
.''..§..≈..''...##
..#........#.....##
..##########...§≈.##
### ###..8≈.## # .
##..§..# ⌠..
##@(..##
...'{##CL...#
#'G.RY..+##
##.Gw###+ #... #.⌠.
#... ##'' #''


You could see a fire giant, a lich, a rakshasa, a swamp worm, a dream sheep
shaped shifter and a floating eye.

Vanquished Creatures
  A juggernaut (Depths:1)
  Mara (Elf:3)
  Nikola (Depths:1)
  A tentacled monstrosity (Depths:2)
  3 deep elf blademasters
  Gastronok (D:9)
  A deep elf master archer (Elf:3)
  A lich (Depths:1)
  A sphinx (Depths:2)
  Frances (D:13)
  Donald (Orc:1)
  Kirke (Lair:6)
  Agnes (D:14)
  A storm dragon (Depths:2)
  A fire giant (Depths:1)
  2 deep elf sorcerers (Elf:1)
  Roxanne (D:14)
  3 frost giants
  2 imperial myrmidons (Desolation)
  An orc warlord (Orc:2)
  4 deep elf elementalists (Elf:3)
  5 very ugly things
  9 stone giants
  7 deep elf demonologists (Elf:3)
  A vampire knight (Depths:1)
  A dire elephant (D:15)
  5 deep elf annihilators (Elf:3)
  2 minotaurs
  A halazid warlock (Desolation)
  A spark wasp (Depths:1)
  7 deep elf death magi
  An ettin (shapeshifter) (Elf:2)
  Snorg (D:11)
  3 crystal guardians (Desolation)
  An ettin (Depths:1)
  4 deep elf high priests
  6 fire dragons
  Josephine (Lair:5)
  A yaktaur captain (Depths:1)
  5 ragged hierophants (Desolation)
  The ghost of Nib the Fighter, a journeyman DrAK of Lugonu (D:11)
  The ghost of Nicwaq the Pandemonic, a journeyman HOMo of Makhleb (Orc:1)
  The ghost of Yngaplae the Slicer, a journeyman VSMo of Okawaru (Orc:1)
  4 vault guards (D:13)
  10 peacekeepers (Desolation)
  11 hydras
  12 servants of whispers
  3 spriggan air magi
  Harold (Lair:1)
  A catoblepas (D:14)
  2 rakshasas
  Erica (Lair:2)
  23 dancing weapons
  14 two-headed ogres
  3 ogre magi (Depths:1)
  5 centaur warriors
  2 death knights
  A tengu warrior (D:13)
  3 vampire magi (Depths:1)
  3 orc high priests
  14 deep elf knights
  A skeletal warrior (D:14)
  3 unseen horrors
  A lindwurm (shapeshifter) (Elf:3)
  16 deep elf archers
  A wizard (Depths:1)
  4 lindwurms (D:12)
  7 orc knights
  An ironbrand convoker (Desolation)
  61 deep elf magi
  6 orc sorcerers
  2 wolf spiders (D:15)
  3 manticores
  28 ugly things
  3 cyclopes
  A toenail golem (Volcano)
  4 elephants (Lair:4)
  Maurice (D:13)
  A guardian serpent (Desolation)
  3 black mambas
  2 centaur zombies
  2 gargoyles
  2 molten gargoyles
  Psyche (D:9)
  An eye of devastation (Lair:6)
  8 spiny frogs
  3 kobold demonologists
  10 komodo dragons
  2 efreet (Volcano)
  5 centaur skeletons
  7 yaktaurs
  3 freezing wraiths (D:14)
  3 tengu conjurers
  A merfolk (D:10)
  A harpy skeleton (D:15)
  11 polar bears
  Grinder (D:6)
  9 trolls
  A raiju (Lair:6)
  60 saltlings
  6 hippogriffs
  17 blink frogs
  19 slime creatures
  5 dream sheep (Lair:5)
  5 air elementals
  2 shadows
  3 wyverns
  9 wraiths
  16 yaks
  Eustachio (D:4)
  A vampire (D:9)
  3 basilisks
  A hungry ghost (D:13)
  3 hogs (Lair:6)
  11 water elementals
  A fire bat (shapeshifter) (Depths:1)
  5 fire elementals
  9 wargs
  An acid dragon (D:12)
  2 soldier ants (D:12)
  Duvessa (D:4)
  11 porcupines
  11 water moccasins
  16 hell hounds (Lair:6)
  2 ice beasts
  37 orc warriors
  12 black bears
  2 sky beasts
  A hornet zombie (D:15)
  An eye of draining (Lair:6)
  5 phantoms
  23 ogres
  18 wolves
  3 necrophages
  16 centaurs
  10 crocodiles
  4 big kobolds
  Blork the orc (D:4)
  10 bullfrogs
  4 earth elementals (Volcano)
  Dowan (D:4)
  3 scorpions
  A wyvern skeleton (D:14)
  A water moccasin skeleton (D:5)
  5 killer bees (D:12)
  14 wights
  An electric eel (Lair:5)
  A howler monkey (D:3)
  7 crimson imps
  A bullfrog skeleton (D:13)
  5 jellies
  14 orc priests
  2 quasits
  4 hounds
  5 iguanas
  24 orc wizards
  14 worker ants
  A hound skeleton (D:11)
  2 worker ant zombies (D:7)
  7 gnolls
  6 adders
  3 shadow imps
  3 worms
  The ghost of Amnesiac the Magician, a weakling DEWz (D:5)
  5 leopard geckos
  103 orcs
  10 bats
  7 giant cockroaches
  4 hobgoblins
  7 jackals
  4 quokkas
  5 ball pythons
  4 frilled lizards
  2 gnoll zombies (D:6)
  9 goblins
  23 kobolds
  A quokka skeleton (D:4)
  2 quokka zombies
  8 rats
  2 crawling corpses (Elf:3)
  A fire vortex (Volcano)
  A plant (Lair:6)
1120 creatures vanquished.

Vanquished Creatures (others)
  A deep elf master archer (Elf:3)
  A stone giant (Depths:1)
  A merfolk javelineer (Depths:1)
  A deep elf archer (Elf:2)
  4 yaktaurs (Depths:1)
  A water elemental (Elf:3)
  A human (Lair:6)
  A fire vortex (Volcano)
  12 fungi
  8 plants (Lair:6)
  3 withered plants (Orc:1)
34 creatures vanquished.

Grand Total: 1154 creatures vanquished

Notes
Turn   | Place    | Note
-------+----------+-------------------------------------------
     0 | D:1      | galech the Minotaur Fighter began the quest for the Orb.
     0 | D:1      | Reached XP level 1. HP: 19/19 MP: 0/0
    37 | D:1      | Reached XP level 2. HP: 23/27 MP: 1/1
   413 | D:1      | Reached skill level 4 in Shields
   515 | D:1      | Reached XP level 3. HP: 33/33 MP: 2/2
  1159 | D:2      | Reached XP level 4. HP: 34/40 MP: 3/3
  2036 | D:3      | Found a blossoming altar of Fedhas.
  2045 | D:3      | Noticed a centaur
  2059 | D:3      | Killed a centaur
  2059 | D:3      | Reached XP level 5. HP: 34/47 MP: 4/4
  2321 | D:3      | Found a glowing silver altar of Zin.
  2422 | D:3      | Found a deep blue altar of Sif Muna.
  2759 | D:4      | Reached skill level 5 in Shields
  2773 | D:4      | Reached skill level 5 in Fighting
  2786 | D:4      | Reached skill level 5 in Armour
  2786 | D:4      | Reached XP level 6. HP: 18/56 MP: 5/5
  2991 | D:4      | Reached skill level 1 in Dodging
  3117 | D:4      | Noticed Duvessa
  3136 | D:4      | Killed Duvessa
  3138 | D:4      | Noticed Dowan
  3332 | D:4      | Killed Dowan
  3332 | D:4      | Reached skill level 5 in Long Blades
  3513 | D:4      | Found a shadowy altar of Dithmenos.
  3581 | D:4      | Noticed Blork the orc
  3638 | D:4      | Reached XP level 7. HP: 46/61 MP: 6/6
  3650 | D:4      | Killed Blork the orc
  3713 | D:4      | Reached skill level 1 in Short Blades
  3765 | D:4      | Noticed Eustachio
  4230 | D:4      | Killed Eustachio
  4230 | D:4      | Reached skill level 6 in Shields
  4492 | D:5      | Entered Level 5 of the Dungeon
  4590 | D:5      | Found a runed gate.
  4590 | D:5      | Found a runed gate.
  4590 | D:5      | Found a runed gate.
  4590 | D:5      | Noticed Amnesiac's ghost (weakling DEWz)
  4670 | D:5      | Reached XP level 8. HP: 69/70 MP: 7/7
  4889 | D:5      | Found Ahawn's Gadget Emporium.
  4947 | D:5      | Found a sparkling altar of Nemelex Xobeh.
  5144 | D:5      | Found a bloodstained altar of Trog.
  5149 | D:5      | Became a worshipper of Trog the Wrathful
  5263 | D:6      | Found Vosiugeuxi's Serpentskin Sales.
  5297 | D:6      | Got a sapphire-encrusted leather armour
  5308 | D:6      | Identified the +1 leather armour of Hedonism {rN+} (You found it on level 6 of the Dungeon)
  5829 | D:6      | Noticed Grinder
  5840 | D:6      | Killed Grinder
  5840 | D:6      | Reached skill level 1 in Stealth
  5903 | D:6      | Found a basalt altar of Yredelemnul.
  6075 | D:7      | Found a staircase to the Ecumenical Temple.
  6099 | D:7      | Reached skill level 7 in Shields
  6164 | D:7      | Reached * piety under Trog
  6499 | D:7      | Reached XP level 9. HP: 77/77 MP: 8/8
  6656 | D:7      | You fall through a shaft for 3 floors!
  6656 | D:10     | Entered Level 10 of the Dungeon
  6950 | D:10     | Noticed a merfolk
  6967 | D:10     | Killed a merfolk
  7330 | D:10     | Noticed a gargoyle
  7338 | D:10     | Killed a gargoyle
  7338 | D:10     | Reached skill level 8 in Shields
  7524 | D:9      | Noticed Gastronok
  7561 | D:9      | HP: 3/117 [Gastronok/the air (15)]
  7563 | D:9      | Killed Gastronok
  7563 | D:9      | Reached skill level 10 in Long Blades
  7563 | D:9      | Reached skill level 5 in Dodging
  7563 | D:9      | Reached XP level 10. HP: 4/88 MP: 9/9
  7566 | D:9      | HP: 2/88 [something (3)]
  7726 | D:9      | Reached skill level 9 in Shields
  7747 | D:9      | Reached ** piety under Trog
  8125 | D:8      | Noticed a two-headed ogre
  8137 | D:8      | Killed a two-headed ogre
  8137 | D:8      | Reached skill level 10 in Armour
  8333 | D:8      | Found a radiant altar of Vehumet.
  8729 | D:9      | Found a staircase to the Lair.
  8788 | D:9      | Reached *** piety under Trog
  8804 | D:9      | Noticed Psyche
  8809 | D:9      | Killed Psyche
  8863 | D:9      | Reached XP level 11. HP: 73/95 MP: 10/10
  8879 | D:9      | Reached skill level 10 in Shields
  8883 | D:9      | Killed an unseen horror
  8955 | D:9      | Found a shattered altar of Ashenzari.
  9128 | D:9      | Reached **** piety under Trog
  9448 | D:11     | Noticed Nib's ghost (journeyman DrAK)
  9448 | D:11     | Noticed a minotaur
  9489 | D:11     | Found a runed gate.
  9489 | D:11     | Found a runed gate.
  9489 | D:11     | Found a runed gate.
  9694 | D:5      | Killed Amnesiac's ghost
 10123 | D:11     | Found Gumnesik's Armour Boutique.
 10125 | D:11     | Found a staircase to the Orcish Mines.
 10180 | D:11     | Found an ornate altar of the Wu Jian Council.
 10186 | D:11     | Got an ancient plate armour
 10197 | D:11     | Identified the +9 plate armour "Ozeraish" {rC+} (You found it on level 11 of the Dungeon)
 10473 | D:11     | Noticed Snorg
 10492 | D:11     | Killed Snorg
 10517 | D:11     | Found a blossoming altar of Fedhas.
 10627 | D:11     | Noticed a death knight
 10646 | D:11     | Killed a death knight
 10646 | D:11     | Reached skill level 11 in Shields
 10784 | Orc:1    | Entered Level 1 of the Orcish Mines
 10784 | Orc:1    | Noticed an orc knight
 10974 | Orc:1    | Killed an orc knight
 11178 | Orc:1    | Found a runed gate.
 11178 | Orc:1    | Found a runed gate.
 11178 | Orc:1    | Found a runed gate.
 11178 | Orc:1    | Noticed Yngaplae's ghost (journeyman VSMo)
 11179 | Orc:1    | Noticed Nicwaq's ghost (journeyman HOMo)
 11301 | Orc:1    | Found an iron altar of Okawaru.
 11597 | Orc:2    | Entered Level 2 of the Orcish Mines
 11597 | Orc:2    | Noticed an orc sorcerer
 11603 | Orc:2    | Killed an orc sorcerer
 11620 | Orc:1    | Reached ***** piety under Trog
 11666 | Orc:2    | Noticed Donald
 11707 | Orc:1    | Reached skill level 12 in Shields
 11738 | Orc:1    | Killed Donald
 11738 | Orc:1    | Reached XP level 12. HP: 105/105 MP: 11/11
 11879 | Orc:2    | Noticed an orc warlord
 11884 | Orc:2    | Noticed an orc high priest
 11934 | Orc:2    | Killed an orc high priest
 11940 | Orc:2    | Killed an orc warlord
 11967 | Orc:2    | Reached skill level 13 in Shields
 12023 | Orc:2    | Found Qioseme's Book Shoppe.
 12366 | Orc:2    | Found Ceskekeriva's Antique Weapon Shoppe.
 12404 | Orc:2    | Paralysed by an orc sorcerer for 6 turns
 12415 | Orc:2    | Received a gift from Trog
 12415 | Orc:2    | Reached skill level 10 in Fighting
 12434 | Orc:2    | Got an ichor-stained demon blade {god gift}
 12454 | Orc:2    | Identified the +5 demon blade of Sequestration {flame, rF+ Int+4} (Trog gifted it to you on level 2 of the Orcish Mines)
 12509 | Orc:2    | Found a staircase to the Elven Halls.
 12517 | Orc:2    | Found Viog's General Store.
 12571 | Orc:2    | Found Othoin's Antique Armour Shop.
 12786 | Orc:2    | Bought a scroll of magic mapping for 52 gold pieces
 12786 | Orc:2    | Bought a scroll of identify for 30 gold pieces
 13054 | Orc:1    | Killed Yngaplae's ghost
 13054 | Orc:1    | Reached skill level 14 in Shields
 13063 | Orc:1    | Killed Nicwaq's ghost
 13197 | D:11     | Killed Nib's ghost
 13203 | D:11     | Killed a minotaur
 13203 | D:11     | Reached XP level 13. HP: 114/114 MP: 12/12
 13334 | Lair:1   | Entered Level 1 of the Lair of Beasts
 13495 | Lair:1   | Noticed Harold
 13506 | Lair:1   | Killed Harold
 13896 | Lair:2   | Found a dark tunnel.
 13904 | Volcano  | Entered a volcano
 14044 | Volcano  | Identified a +0 pair of boots of running (You found it in a volcano)
 14661 | Lair:2   | Noticed Erica
 14669 | Lair:2   | Killed Erica
 14946 | Lair:3   | Found a hole to the Spider Nest.
 15632 | Lair:4   | Found a staircase to the Shoals.
 15697 | Lair:4   | Reached skill level 15 in Shields
 15722 | Lair:4   | Reached skill level 15 in Long Blades
 15742 | Lair:4   | Received a gift from Trog
 16375 | Lair:5   | Noticed Josephine
 16386 | Lair:5   | Killed Josephine
 16561 | Lair:5   | Reached XP level 14. HP: 112/125 MP: 13/13
 16937 | Lair:5   | Got a brightly glowing scale mail
 16948 | Lair:5   | Identified the cursed +0 scale mail "Qint" {Str+4} (You found it on level 5 of the Lair of Beasts)
 17200 | Lair:6   | Entered Level 6 of the Lair of Beasts
 17485 | Lair:6   | Received a gift from Trog
 17522 | Lair:6   | Got a steaming demon whip {god gift}
 17539 | Lair:6   | Noticed Kirke
 17580 | Lair:6   | Killed Kirke
 17580 | Lair:6   | Reached skill level 16 in Shields
 17599 | Lair:6   | Identified the +12 demon whip "Fiarulak" {drain, rF+} (Trog gifted it to you on level 6 of the Lair of Beasts)
 17769 | Lair:6   | Reached ****** piety under Trog
 17832 | Lair:6   | Got a flickering lead ring
 17848 | Lair:6   | Received a gift from Trog
 18052 | Lair:6   | Found a staircase to the Slime Pits.
 18736 | D:12     | Identified the ring "Vytasitini" {rN+ Int+2} (You found it on level 6 of the Lair of Beasts)
 19088 | D:12     | Reached skill level 17 in Shields
 19311 | D:12     | Found the +5 demon whip "Spellbinder" {antimagic, MR+}
 19506 | D:13     | Noticed Maurice
 19522 | D:13     | Killed Maurice
 19683 | D:13     | Noticed Frances
 19705 | D:13     | Killed Frances
 19847 | D:13     | Reached XP level 15. HP: 127/135 MP: 14/14
 19958 | D:13     | Received a gift from Trog
 20034 | D:13     | Reached skill level 1 in Evocations
 20076 | D:13     | Found Noivieb's Weapon Shop.
 20163 | D:13     | Found a gate to the Vaults.
 20897 | D:14     | Reached skill level 18 in Shields
 21301 | D:14     | Received a gift from Trog
 21399 | D:14     | Noticed Roxanne
 21421 | D:14     | Killed Roxanne
 21474 | D:14     | Noticed Agnes
 21483 | D:14     | Killed Agnes
 21865 | D:15     | Entered Level 15 of the Dungeon
 21932 | D:15     | Found a labyrinth entrance.
 21946 | Lab      | Entered a labyrinth
 22555 | D:15     | Found a staircase to the Depths.
 23144 | Elf:1    | Entered Level 1 of the Elven Halls
 23382 | Elf:1    | Reached XP level 16. HP: 143/147 MP: 15/15
 23600 | Elf:1    | Received a gift from Trog
 23605 | Elf:1    | Reached skill level 19 in Shields
 23993 | Orc:2    | Received a gift from Trog
 24318 | Elf:1    | Identified the Tome of the Modern Cities
 24688 | Elf:1    | Reached skill level 15 in Armour
 24696 | Elf:1    | Found Fonoh's Assorted Antiques.
 24786 | Elf:1    | Received a gift from Trog
 24808 | Elf:1    | Bought 2 potions of mutation for 384 gold pieces
 24808 | Elf:1    | Bought a potion of mutation for 192 gold pieces
 24960 | Elf:2    | Reached skill level 15 in Fighting
 24984 | Elf:2    | HP: 2/149 [acid (16)]
 25125 | Elf:2    | Found a runed gate.
 25125 | Elf:2    | Found a runed gate.
 25138 | Elf:2    | Found a runed gate.
 25160 | Elf:2    | Found Upsir's Food Shop.
 25161 | Elf:2    | Found a ruined gateway.
 25171 | Desolati | Entered the Desolation of Salt
 25269 | Desolati | Reached skill level 20 in Shields
 25289 | Desolati | Identified 2 scrolls of acquirement
 25298 | Desolati | Got a bloodstained robe
 25310 | Desolati | Identified the +2 robe of Beauty {Str+4 SInv} (You found it in the Desolation of Salt)
 25512 | Desolati | Received a gift from Trog
 25701 | Desolati | Received a gift from Trog
 25701 | Desolati | Reached XP level 17. HP: 156/156 MP: 16/16
 26004 | Desolati | Got a heavily runed ruby amulet
 26010 | Desolati | Got a crude marble ring
 26013 | Desolati | Identified the amulet "Rareasum" {Spirit +Inv rF- rN++ MR+} (You found it in the Desolation of Salt)
 26015 | Desolati | Identified the ring "Ekisaof" {rPois Dex+3} (You found it in the Desolation of Salt)
 26295 | Desolati | Reached skill level 21 in Shields
 27045 | Elf:2    | Got a fine cloak
 27056 | Elf:2    | Identified the +3 cloak of the Eight Scars {Str+3} (You found it on level 2 of the Elven Halls)
 27182 | Elf:2    | Noticed a deep elf blademaster
 27192 | Elf:2    | Killed a deep elf blademaster
 27398 | Elf:2    | Received a gift from Trog
 27677 | Elf:3    | Entered Level 3 of the Elven Halls
 27882 | Elf:3    | Got a sparkling brass amulet
 27924 | Elf:3    | Noticed a deep elf blademaster
 27965 | Elf:2    | Killed a deep elf blademaster
 28045 | Elf:3    | Reached skill level 22 in Shields
 28075 | Elf:3    | Noticed a deep elf blademaster
 28087 | Elf:3    | Killed a deep elf blademaster
 28087 | Elf:3    | Reached XP level 18. HP: 136/167 MP: 17/17
 28120 | Elf:3    | Identified the amulet "Nuapsuu" {RegenMP SInv} (You took it off a deep elf annihilator on level 3 of the Elven Halls)
 28411 | Elf:3    | Noticed an Ice Fiend
 28413 | Elf:3    | Noticed an Ice Fiend
 28422 | Elf:3    | Gained mutation: You are weak. (Str -2) [a neqoxec]
 28856 | Elf:3    | Noticed Mara
 28894 | Elf:3    | Noticed galech's illusion
 29002 | Elf:3    | Received a gift from Trog
 29179 | Elf:3    | Got a bloodstained long sword {antimagic}
 29182 | Elf:3    | Identified the cursed +1 long sword of Risk Management {antimagic, *Slow +Inv rF+ Stlth+} (You took it off a deep elf archer on level 3 of the Elven Halls)
 29269 | Elf:3    | Got a smoking buckler
 29280 | Elf:3    | Identified the +2 buckler of Semufi {rElec rF+ Str+3} (You took it off a deep elf mage on level 3 of the Elven Halls)
 29901 | Elf:3    | Noticed galech's illusion
 29910 | Elf:3    | Killed Mara
 30107 | Orc:2    | Bought the +9 heavy crossbow "Sniper" {velocity, Acc+∞ SInv} for 1922 gold pieces
 30107 | Orc:2    | Found the +9 heavy crossbow "Sniper" {velocity, Acc+∞ SInv}
 30320 | Depths:1 | Entered Level 1 of the Depths
 30573 | Depths:1 | Reached skill level 1 in Crossbows
 30653 | Depths:1 | Reached skill level 23 in Shields
 30837 | Depths:1 | Received a gift from Trog
 31306 | Depths:1 | Found a runed door.
 31313 | Depths:1 | Noticed a juggernaut
 31332 | Depths:1 | Killed a juggernaut
 31332 | Depths:1 | Reached XP level 19. HP: 177/177 MP: 18/18
 31776 | Depths:1 | Noticed Nikola
 31788 | Depths:1 | Killed Nikola
 31885 | Depths:1 | Found a gateway to a ziggurat.
 32024 | Depths:1 | Found a gateway to Hell.
 32114 | Depths:1 | Found a shattered altar of Ashenzari.
 33152 | Depths:2 | Reached skill level 24 in Shields
 33157 | Depths:2 | Noticed a lich
 33157 | Depths:2 | Paralysed by a floating eye for 4 turns
 33168 | Depths:2 | Paralysed by a floating eye for 4 turns
 33176 | Depths:2 | Paralysed by a floating eye for 2 turns
 33177 | Depths:2 | HP: 3/179 [fire giant/bolt of fire (7)]
 33178 | Depths:2 | Slain by a lich

Vault maps used:
D:1:      saegor_arrival_simple_d, serial_co_window_serial, co_window_paths_b,
          co_window_corner_a, co_window_paths_b, co_window_corner_a,
          co_window_paths_a, co_window_broadway_a, co_window_unsneaky_path_d,
          co_window_of_opportunity_b, co_window_broadway_b,
          co_window_unsneaky_path_e, co_window_2corner, co_window_corner_cb,
          glass_columns_a, glass_columns_a
D:3:      zin_treasury, nicolae_overflow_crystal_walls,
          lemuel_coloured_pillars_altar
D:4:      grunt_dithmenos_smoke_and_mirrors, first_ration, uniq_eustachio,
          uniq_duvessa, uniq_blork_the_orc
D:5:      bloody_trog, kennysheep_mini, ebering_ghost_rock_garden, serial_shops,
          nicolae_shop_crystal, hangedman_decor_opposing
D:6:      lemuel_zombie_altar_yredelemnul, guppyfry_shop_venom, uniq_grinder
D:7:      temple_statues
D:8:      vehumet_crystals
D:9:      lemuel_crystal_altar, lair_entry_dummy, uniq_psyche, uniq_gastronok
D:10:     hangedman_fish_farm, kennysheep_flooded_box
D:11:     orc_david_3, serial_glass, glass_columns_a, glass_columns_a,
          item_on_display_a, maelrawn_ghost_labyrinth_escape, basic_altar,
          fedhas_altar_fruit_tree, uniq_snorg
D:12:     minmay_lindwurm_lava
D:13:     lightli_vaults_fourway_checkpoint, serial_shops,
          nicolae_shop_waterfront, uniq_maurice, uniq_frances
D:14:     minmay_misc_feat_rugged, uniq_agnes, uniq_roxanne
D:15:     hangedman_depths_entry_try_elsewhere_first, lab_entry_generic,
          minivault_23
Lair:1:   uniq_harold
Lair:2:   nicolae_volcano_entry_hallway, grunt_megastairs_2, uniq_erica
Lair:3:   dummy_spider_entry
Lair:4:   minmay_shoals_entry_centaurs, grunt_megastairs_1
Lair:5:   statuecave_lemuel, uniq_josephine
Lair:6:   hangedman_lair_caniforms_friends, minmay_slime_entry_eyes, uniq_kirke
Orc:1:    gammafunk_ghost_cemetery, okawaru_metal_pillars_1_2
Orc:2:    grunt_orc_gardens, grunt_orc_garden, grunt_orc_garden,
          grunt_orc_garden, grunt_orc_garden, uniq_donald
Elf:1:    elf_arrival_002, serial_shops, shop, minmay_elf_annihilation,
          minivault_19
Elf:2:    serial_shops, shop, portal_desolation_entry_nicolae_nacl,
          billiards_dpeg
Elf:3:    grunt_elf_hall_branching, serial_corexii_hall,
          corexii_hall_statues_deadend, corexii_hall_statues_x, uniq_mara
Depths:1: enter_ziggurat_f, hell_entry, evilmike_ruin_ashenzari, spider_trap,
          grunt_ministairs_8, skrybe_limestone_x, minmay_misc_feat_iff,
          minmay_misc_feat_doors, lightli_gold_pyramid, uniq_nikola
Depths:2: grunt_runaround, hell_entry
Lab:      labyrinth_green, nicolae_lab_grate, lab_statue
Volcano:  volcano_aerie

Skill      XL: |  1  2  3  4  5  6  7  8  9 10 11 12 13 14 15 16 17 18 19 |
---------------+----------------------------------------------------------+-----
Fighting       | 4 5 6 7 8 9 10 11 13 14 15 16 17 18 | 18.2
Armour         | 4 5 6 7 9 10 11 12 13 14 15 16 | 16.4
Shields        | 4 5 6 7 8 9 12 14 15 17 18 20 22 23 24 | 24.0
Long Blades    | 3 4 5 6 8 10 11 13 14 15 16 17 18 19 20 | 20.2
Dodging        | 1 2 3 5 6 7 |  7.3
Short Blades   | 1 |  1.0
Stealth        | 1 2 3 |  3.2
Evocations     | 1 |  1.0
Crossbows      | 2 |  2.6

Action                   |  1- 3 |  4- 6 |  7- 9 | 10-12 | 13-15 | 16-18 | 19-21 || total
-------------------------+-------+-------+-------+-------+-------+-------+-------++-------
Melee: Long sword        |   103 |   120 |    55 |   574 |       |       |       ||   852
       Headbutt          |    19 |    24 |    86 |   198 |   389 |   463 |   125 ||  1304
       Short sword       |       |       |    72 |       |       |       |       ||    72
       Falchion          |       |       |   319 |    98 |       |       |       ||   417
       Demon blade       |       |       |       |    76 |  1461 |  1473 |   308 ||  3318
 Fire: Heavy crossbow    |       |       |       |       |       |     8 |       ||     8
Invok: Berserk           |       |       |     2 |    10 |     6 |    15 |     4 ||    37
       Trog's Hand       |       |       |       |     1 |       |     7 |     1 ||     9
 Abil: Evoke Flight      |       |       |       |       |     2 |       |       ||     2
  Use: Scroll            |       |     6 |     5 |     2 |    19 |    11 |     3 ||    46
       Potion            |       |       |     2 |     3 |       |     6 |     1 ||    12
 Stab: Petrified         |       |       |       |       |     4 |       |       ||     4
  Eat: Chunk             |     1 |     6 |    12 |    25 |    32 |    26 |     7 ||   109
       Ration            |       |     1 |       |     2 |     2 |     5 |     1 ||    11
Armor: Scale mail        |    66 |     9 |   207 |       |       |       |       ||   282
       Leather armour    |       |    11 |       |       |       |       |       ||    11
       Chain mail        |       |       |    10 |   122 |       |       |       ||   132
       Plate armour      |       |       |       |   167 |   501 |   371 |   117 ||  1156
Dodge: Dodged            |    37 |    35 |   168 |   150 |   211 |   259 |    63 ||   923
Block: Shield            |    78 |    71 |   282 |    96 |       |       |       ||   527
       Large shield      |       |       |       |   453 |  1304 |  1346 |   265 ||  3368
       Reflection        |       |       |       |       |       |    37 |    23 ||    60
       Rpst.: Long sword |     7 |     8 |     9 |    27 |       |       |       ||    51
       Falchion          |       |       |    26 |     9 |       |       |       ||    35
       Demon blade       |       |       |       |     1 |    41 |    46 |    14 ||   102

Table legend:
 A = Spawn XP
 B = Non-spawn XP
 C = Spawn XP percentage of total XP
 D = Spawn monster count
 E = Non-spawn monster count
 F = Spawn count percentage of total count
 G = Total turns spent on level
                    A         B        C        D         E        F      G
               +---------+---------+-------+---------+---------+-------+---------
         Total |       0 |  440110 |   0.0 |       0 |    1124 |   0.0 | 33178
               +---------+---------+-------+---------+---------+-------+---------
           D:1 |       0 |      48 |   0.0 |       0 |      32 |   0.0 |   996
           D:2 |       0 |      63 |   0.0 |       0 |      22 |   0.0 |   982
           D:3 |       0 |     171 |   0.0 |       0 |       8 |   0.0 |  1036
           D:4 |       0 |    1015 |   0.0 |       0 |      24 |   0.0 |  1478
           D:5 |       0 |     464 |   0.0 |       0 |      18 |   0.0 |   771
           D:6 |       0 |     529 |   0.0 |       0 |      15 |   0.0 |   898
           D:7 |       0 |     781 |   0.0 |       0 |      24 |   0.0 |   786
           D:8 |       0 |    1884 |   0.0 |       0 |      23 |   0.0 |   835
           D:9 |       0 |    6347 |   0.0 |       0 |      45 |   0.0 |   965
          D:10 |       0 |    1282 |   0.0 |       0 |      14 |   0.0 |   947
          D:11 |       0 |    7744 |   0.0 |       0 |      47 |   0.0 |  1590
          D:12 |       0 |    9569 |   0.0 |       0 |      57 |   0.0 |   833
          D:13 |       0 |   21865 |   0.0 |       0 |      60 |   0.0 |  1438
          D:14 |       0 |   20558 |   0.0 |       0 |      45 |   0.0 |  1017
          D:15 |       0 |   10006 |   0.0 |       0 |      30 |   0.0 |  1311
        Lair:1 |       0 |    1058 |   0.0 |       0 |       2 |   0.0 |   603
        Lair:2 |       0 |    4923 |   0.0 |       0 |      21 |   0.0 |   782
        Lair:3 |       0 |    3464 |   0.0 |       0 |      14 |   0.0 |   720
        Lair:4 |       0 |    8271 |   0.0 |       0 |      31 |   0.0 |   821
        Lair:5 |       0 |    8030 |   0.0 |       0 |      31 |   0.0 |   859
        Lair:6 |       0 |   20362 |   0.0 |       0 |      83 |   0.0 |  1333
         Orc:1 |       0 |    7873 |   0.0 |       0 |      29 |   0.0 |  1227
         Orc:2 |       0 |   12471 |   0.0 |       0 |      65 |   0.0 |  1594
         Elf:1 |       0 |   32612 |   0.0 |       0 |      55 |   0.0 |  1411
         Elf:2 |       0 |   39221 |   0.0 |       0 |      52 |   0.0 |  1396
         Elf:3 |       0 |   65365 |   0.0 |       0 |      67 |   0.0 |  1868
      Depths:1 |       0 |   63186 |   0.0 |       0 |      66 |   0.0 |  1481
      Depths:2 |       0 |   35477 |   0.0 |       0 |      38 |   0.0 |   982
           Lab |       0 |    1965 |   0.0 |       0 |       2 |   0.0 |   245
       Volcano |       0 |    2594 |   0.0 |       0 |      11 |   0.0 |   212
    Desolation |       0 |   50912 |   0.0 |       0 |      93 |   0.0 |  1761
               +---------+---------+-------+---------+---------+-------+---------
